x, lawful female dwarven Valkyrie ################################## ------- #--- ####......| ###|. # # |..<..| # #|.- ### ------- #|b| # #|.| # ## #|.-- --- # ---------- # #|d.....| # |........+ ##########|@---- | # |..%.....| # |%| # |.......).#### |.| |......>.|### |.| |.........### |.| ---------- ### |.| # |.| ########..- |..... ------- x the Fighter Experience level: 6 Strength: 15 Dexterity: 14 Constitution: 17 Intelligence: 11 Wisdom: 9 Charisma: 9 Health: 0(58) Energy: 7(7) AC: -1 Gold: 43 Moves: 2228 Your Inventory: Coins $ - 43 gold pieces Weapons a - an uncursed +1 long sword b - 10 uncursed +0 daggers p - 9 [uncursed +0] shuriken v - 112 [uncursed +0] arrows z - 12 [cursed -2] arrows B - 9 [cursed -1] arrows C - an [uncursed +0] bow J - an [uncursed +0] bow of detonation (weapon in hand) Z - 12 [blessed +3] arrows Armor c - an uncursed thoroughly burnt +3 small shield (being worn) j - an [uncursed] +0 crested helmet [of brilliance] (being worn) k - a [blessed] +1 pair of high boots (being worn) m - an [uncursed] +1 studded leather armor (being worn) Comestibles f - an [uncursed] lichen corpse U - 2 [uncursed] food rations Wands H - an [uncursed] wand of polymorph [0:5] O - an [uncursed] wand of magic missile [0:7] R - an [uncursed] wand of magic missile [0:6] T - an [uncursed] wand of striking [0:5] Tools N - an [uncursed] leash (in use) Gems w - 2 [uncursed] green gems [worthless glass] y - an [uncursed] blue gem [sapphire] M - an [uncursed] orange gem [worthless glass] S - an [uncursed] orange gem [agate] V - an [uncursed] violet gem [worthless glass] X - an [uncursed] red gem [worthless glass] Y - an [uncursed] yellowish brown gem [worthless glass] Spells known in the end: Name Level Category Fail Memory Your skills at the end: Fighting Skills Weapon Skills dagger [Basic / Expert] long sword [Basic / Expert] Spellcasting Skills Final Attributes: You were devoutly aligned. Hunger level was 506. Your alignment was 17 / 21. Monster difficulty range was 1 - 6. Level difficulty was 6. You were immune to cold. You had infravision. You were stealthy. Your luck was zero. You are dead. Vanquished creatures: a small mimic a housecat a gnome mummy a bugbear an imp a rock piercer a rock mole a pony 4 gnome lords a straw golem a paper golem 2 giant ants 2 dwarves 2 monkeys a wererat a gas spore 3 hobbits a large kobold 27 gnomes 3 jackals a fox 2 goblins 2 grid bugs 4 lichens 4 kobold zombies a newt 70 creatures vanquished. Voluntary challenges: You were an atheist. You used a wielded weapon 36 times. You read items or engraved 2 times. You put on armor 7 times. You never genocided any monsters. You never polymorphed an object. You never changed form. You used no wishes. You never wrote Elbereth's name. You never encountered a bones level. You never used any Sokoban shortcuts. Dungeon overview: The Dungeons of Doom: levels 1 to 2 Level 1 a fountain a long staircase Level 2 an armor shop, a fountain stairs to The Gnomish Mines The Gnomish Mines: levels 3 to 6 Level 3 stairs to The Dungeons of Doom Level 6 <- You were here History has recorded: On T:1 you entered the Dungeons of Doom to retrieve the Amulet of Yendor! On T:348 you reached level 2 of The Dungeons of Doom. On T:387 you advanced to experience level 2. On T:546 you advanced to experience level 3. On T:765 you advanced to experience level 4. On T:806 you reached level 1 of The Gnomish Mines. On T:1121 you reached level 2 of The Gnomish Mines. On T:1269 you advanced to experience level 5. On T:1571 you reached level 3 of The Gnomish Mines. On T:1582 you reached level 4 of The Gnomish Mines. On T:1589 you advanced to experience level 6. Latest messages: Your wooden shield smoulders! [HP-12=17] The arrow misfires! The large dog yelps! The arrow hits the large dog. The arrow explodes! The large dog is caught in the fireball! You are caught in the fireball! Your scroll labeled PRATYAVAYAH catches fire and burns! Your scroll labeled GHOTI catches fire and burns! Your wooden shield smoulders further! Valkyrie is about to die. [HP-16=1] The arrow misses the large dog. The arrow explodes! The large dog is caught in the fireball! You are caught in the fireball! Your wooden shield smoulders completely! You die... Final status: Farvel x the Valkyrie... You died in The Gnomish Mines on dungeon level 6 with 1903 points, and 43 pieces of gold, after 2228 moves. You were level 6 with a maximum of 58 hit points when you died.